[Event "Cup of July"]
[Site "?"]
[Date "2020.07.19"]
[Round "2"]
[White "Larisa12"]
[Black "EdvardGriG"]
[Result "0-1"]
[ECO "D23"]
[WhiteElo "1766"]
[BlackElo "2087"]
[PlyCount "64"]
[EventType "k.o."]
[EventRounds "2"]
[TimeControl "120+1"]

1. d4 d5 2. c4 dxc4 3. Nf3 Nf6 4. g3 a6 5. Bg2 Bd7 6. Ne5 e6 7. Bxb7 Ra7 8. Bg2
c5 9. O-O cxd4 10. Qxd4 Rc7 11. Rd1 Bc5 12. Qc3 O-O 13. Nxc4 Qc8 14. b3 Bb5 15.
Bf4 Rd7 16. Nbd2 Bd4 17. Qc2 Bxa1 18. Rxa1 Bxc4 19. Nxc4 h6 20. Qb2 Nc6 21. Nb6
Qd8 22. Nxd7 Qxd7 23. Be5 Nxe5 24. Qxe5 Rd8 25. Bf3 Qd2 26. e3 Qc2 27. Qa5 Rd2
28. Rf1 Qxa2 29. Qxa2 Rxa2 30. Bb7 a5 31. f3 h5 32. Ra1 Rxa1+ {Time forfeit}
0-1

[Event "Cup of July"]
[Site "?"]
[Date "2020.07.19"]
[Round "2"]
[White "EdvardGriG"]
[Black "Larisa12"]
[Result "0-1"]
[ECO "E12"]
[WhiteElo "2097"]
[BlackElo "1756"]
[PlyCount "56"]
[EventType "k.o."]
[EventRounds "2"]
[TimeControl "120+1"]

1. d4 Nf6 2. c4 e6 3. Nf3 b6 4. Nc3 Bb4 5. Bg5 Bxc3+ 6. bxc3 h6 7. Bxf6 Qxf6 8.
e3 c5 9. Be2 Nc6 10. O-O O-O 11. a4 Ba6 12. Nd2 Rfd8 13. Qc2 Na5 14. Qa2 d5 15.
Rab1 dxc4 16. Nxc4 Nxc4 17. Bxc4 Bxc4 18. Qxc4 cxd4 19. cxd4 Rac8 20. Qa6 Qe7
21. Rfc1 Rxc1+ 22. Rxc1 Qa3 23. Rb1 Qa2 24. Qb5 e5 25. dxe5 Rd2 26. Rf1 Rb2 27.
Qe8+ Kh7 28. Qxf7 Qxf7 {Normal} 0-1

[Event "Cup of July"]
[Site "?"]
[Date "2020.07.19"]
[Round "2"]
[White "Larisa12"]
[Black "EdvardGriG"]
[Result "0-1"]
[ECO "A85"]
[WhiteElo "2020"]
[BlackElo "2127"]
[PlyCount "70"]
[EventType "k.o."]
[EventRounds "2"]
[TimeControl "180+2"]

1. d4 f5 2. c4 Nf6 3. Nc3 e6 4. Nf3 Bb4 5. Qb3 a5 6. a3 Bxc3+ 7. bxc3 O-O 8. d5
Na6 9. Be3 Ne4 10. Nd2 Nac5 11. Qc2 b6 12. dxe6 dxe6 13. Nxe4 Nxe4 14. g3 Bb7
15. Bg2 Qf6 16. Rc1 Rad8 17. O-O e5 18. Rfd1 g5 19. f3 Nd6 20. Bf2 Nxc4 21. Qb3
Qf7 22. h4 h6 23. hxg5 hxg5 24. f4 Bxg2 25. Kxg2 gxf4 26. gxf4 exf4 27. Rg1
Qd5+ 28. Kf1+ Kf7 29. Bh4 Rd6 30. Rg5 Rh8 31. Rxf5+ Qxf5 32. Qxc4+ Kg6 33. Bf2
Qh3+ 34. Ke1 Qh1+ 35. Bg1 Qxg1# {Normal} 0-1

[Event "Cup of July"]
[Site "?"]
[Date "2020.07.19"]
[Round "2"]
[White "EdvardGriG"]
[Black "Larisa12"]
[Result "0-1"]
[ECO "A46"]
[WhiteElo "2135"]
[BlackElo "2012"]
[PlyCount "56"]
[EventType "k.o."]
[EventRounds "2"]
[TimeControl "180+2"]

1. Nf3 Nf6 2. d4 e6 3. g3 b5 4. Bg2 Bb7 5. O-O d5 6. a4 a6 7. c3 Be7 8. Ne5 O-O
9. Nd2 c5 10. dxc5 Bxc5 11. Nb3 Bd6 12. Nd3 Ne4 13. axb5 axb5 14. Rxa8 Bxa8 15.
Bf4 Bxf4 16. Nxf4 Nc6 17. Bxe4 dxe4 18. h4 e3 19. f3 Qb6 20. Qa1 Ne5 21. Qa5
Qb7 22. Nc5 Qc6 23. b4 Nc4 24. Qa2 Nd2 25. Rd1 e5 26. Nfd3 Nxf3+ 27. exf3 Qxf3
28. Kh2 Qxd1 {Normal} 0-1

[Event "Cup of July"]
[Site "?"]
[Date "2020.07.19"]
[Round "2"]
[White "Larisa12"]
[Black "EdvardGriG"]
[Result "0-1"]
[ECO "E00"]
[WhiteElo "2016"]
[BlackElo "2131"]
[PlyCount "160"]
[EventType "k.o."]
[EventRounds "2"]
[TimeControl "180+2"]

1. d4 Nf6 2. c4 e6 3. g3 d5 4. Nf3 Bb4+ 5. Bd2 a5 6. Bg2 O-O 7. O-O Bxd2 8.
Qxd2 Nbd7 9. Nc3 dxc4 10. e4 Nb6 11. Rfd1 c6 12. Qe2 Qe7 13. a3 Rd8 14. Ne5 Bd7
15. Nxc4 Nxc4 16. Qxc4 Be8 17. e5 Nd5 18. Ne4 b6 19. Nd6 Rxd6 20. exd6 Qxd6 21.
Rac1 h5 22. h4 Rd8 23. Qb3 Rb8 24. Bf3 g6 25. Qd3 Kg7 26. Qd2 Rd8 27. Qg5 f6
28. Qd2 Bd7 29. Re1 Rf8 30. Qe2 f5 31. Qe5+ Qxe5 32. Rxe5 f4 33. Bxd5 exd5 34.
Re7+ Rf7 35. Rxf7+ Kxf7 36. gxf4 Kf6 37. Kg2 Kf5 38. Kf3 Kf6 39. Re1 Bg4+ 40.
Kg3 Bd7 41. Re5 Kf7 42. b4 axb4 43. axb4 b5 44. Re1 Bf5 45. Ra1 Bd7 46. Ra7 Ke6
47. Kf3 Be8 48. Ke3 Kf6 49. Rc7 Ke6 50. f3 Kd6 51. Rg7 Ke6 52. Rg8 Kf7 53. Rh8
Ke7 54. Rh7+ Bf7 55. f5 gxf5 56. Kf4 Kf6 57. Rh6+ Bg6 58. Rxg6+ Kxg6 59. Ke5 f4
60. Kxf4 Kf6 61. Ke3 Kf5 62. Kd3 Kf4 63. Ke2 Kg3 64. Ke3 Kxh4 65. Kf4 Kh3 66.
Ke5 Kg3 67. f4 h4 68. f5 h3 69. f6 h2 70. f7 h1=Q 71. f8=Q Qe4+ 72. Kd6 Qxd4
73. Qg8+ Kf3 74. Kxc6 Qc4+ 75. Kd6 d4 76. Qf8+ Ke2 77. Qe7+ Kd1 78. Qe4 d3 79.
Qf3+ Kc2 80. Qf2+ d2 {Normal} 0-1

[Event "Cup of July"]
[Site "?"]
[Date "2020.07.19"]
[Round "2"]
[White "EdvardGriG"]
[Black "Larisa12"]
[Result "0-1"]
[ECO "E21"]
[WhiteElo "2139"]
[BlackElo "2008"]
[PlyCount "96"]
[EventType "k.o."]
[EventRounds "2"]
[TimeControl "180+2"]

1. d4 Nf6 2. c4 e6 3. Nc3 Bb4 4. Nf3 Bxc3+ 5. bxc3 c5 6. e3 O-O 7. Bd3 Nc6 8.
O-O b6 9. a4 Na5 10. Nd2 Ba6 11. Qe2 Qc7 12. Ba3 d6 13. Rfc1 Rac8 14. h3 Qc6
15. f3 Rfd8 16. e4 e5 17. d5 Qd7 18. Rf1 Nh5 19. Qe3 Nf4 20. Rf2 Rf8 21. Bf1 f5
22. exf5 Rxf5 23. Bc1 Rcf8 24. Kh2 Kh8 25. Qe4 g5 26. g3 Ng6 27. Bd3 R5f7 28.
Bb2 h5 29. Raf1 Rg7 30. Bc1 Qe7 31. Nb1 h4 32. Rg1 hxg3+ 33. Rxg3 Nf4 34. Bxf4
Rxf4 35. Qe2 Qf6 36. Be4 Bxc4 37. Qe3 Qf7 38. Nd2 Bxd5 39. Bxd5 Qxd5 40. Ne4
Rf5 41. Rfg2 Nc4 42. Qc1 Qd3 43. Rxg5 Rfxg5 44. Nxg5 Qf5 45. Qf1 Ne3 46. Qg1
Nxg2 47. Qxg2 Qxg5 48. Qxg5 Rxg5 {Normal} 0-1

[Event "Cup of July"]
[Site "?"]
[Date "2020.07.19"]
[Round "2"]
[White "EdvardGriG"]
[Black "Larisa12"]
[Result "1-0"]
[ECO "B01"]
[WhiteElo "2135"]
[BlackElo "2012"]
[PlyCount "67"]
[EventType "k.o."]
[EventRounds "2"]
[TimeControl "300"]

1. e4 d5 2. exd5 Qxd5 3. Nc3 Qa5 4. h3 Nf6 5. Nf3 Nc6 6. Bc4 Bf5 7. d3 e6 8.
Qe2 a6 9. O-O b5 10. Bb3 Bd6 11. Bg5 Nd7 12. g4 Bg6 13. Bxe6 fxe6 14. Qxe6+ Ne7
15. Bxe7 Bxe7 16. Rfe1 O-O-O 17. Qxe7 Rhf8 18. Nh4 Qb6 19. Qe3 Qf6 20. Nxg6
Qxg6 21. Ne4 h5 22. Qg5 Qb6 23. Re2 hxg4 24. Qxg4 Kb8 25. a4 Ne5 26. Qg3 Nf3+
27. Kg2 Nd4 28. Rd2 Nf3 29. Rdd1 Nd4 30. axb5 axb5 31. c3 Ne2 32. Qe3 Qg6+ 33.
Kf1 Nf4 34. Qa7+ {Time forfeit} 1-0

[Event "Cup of July"]
[Site "?"]
[Date "2020.07.19"]
[Round "2"]
[White "Larisa12"]
[Black "EdvardGriG"]
[Result "0-1"]
[ECO "A27"]
[WhiteElo "2016"]
[BlackElo "2131"]
[PlyCount "42"]
[EventType "k.o."]
[EventRounds "2"]
[TimeControl "300"]

1. c4 e5 2. Nc3 Nc6 3. Nf3 Bb4 4. d3 f5 5. a3 Bxc3+ 6. bxc3 Nf6 7. g3 O-O 8.
Bg2 d6 9. O-O Qe7 10. d4 Rb8 11. d5 Na5 12. Qa4 b6 13. Rb1 Ba6 14. Nd2 Nd7 15.
Rb4 Nc5 16. Qc2 Bc8 17. f3 Nab7 18. Rb1 a5 19. e4 Bd7 20. Bb2 Ba4 21. Qc1 Nd3 {
Normal} 0-1

[Event "Cup of July"]
[Site "?"]
[Date "2020.07.19"]
[Round "2"]
[White "EdvardGriG"]
[Black "Larisa12"]
[Result "1-0"]
[ECO "E12"]
[WhiteElo "2127"]
[BlackElo "2020"]
[PlyCount "66"]
[EventType "k.o."]
[EventRounds "2"]
[TimeControl "300"]

1. d4 Nf6 2. c4 e6 3. Nf3 b6 4. Nc3 Bb4 5. Qb3 c5 6. dxc5 Bxc5 7. e3 Nc6 8. Be2
O-O 9. O-O Na5 10. Qc2 Nc6 11. a3 a5 12. Rd1 Qe7 13. Nb5 Bb7 14. b3 d5 15. Bb2
dxc4 16. bxc4 Rfd8 17. Nfd4 Ne5 18. f4 Be4 19. Qc3 Ng6 20. h3 Qb7 21. Bf1 Nh4
22. Rd2 Rd7 23. Rad1 Rad8 24. Kh2 Nh5 25. Rf2 Qb8 26. Be2 e5 27. Bxh5 exd4 28.
exd4 Bf8 29. Re1 Bxg2 30. Qg3 Nf5 31. Qxg2 f6 32. Bg4 Nh4 33. Qg3 Rxd4 {Normal}
1-0

[Event "Cup of July"]
[Site "?"]
[Date "2020.07.19"]
[Round "2"]
[White "Larisa12"]
[Black "EdvardGriG"]
[Result "1-0"]
[ECO "E05"]
[WhiteElo "2012"]
[BlackElo "2134"]
[PlyCount "115"]
[EventType "k.o."]
[EventRounds "2"]
[TimeControl "300"]

1. d4 d5 2. c4 e6 3. Nf3 Nf6 4. g3 dxc4 5. Bg2 Be7 6. O-O O-O 7. Ne5 Nbd7 8.
Nxc4 c6 9. Nc3 Nb6 10. Ne5 Nfd7 11. Nd3 Nd5 12. e4 Nxc3 13. bxc3 Qa5 14. Qb3
Nb6 15. Rd1 Na4 16. Bd2 Qb5 17. c4 Qxb3 18. axb3 Nb6 19. Ba5 Nd7 20. f4 g6 21.
Kh1 Nf6 22. e5 Ng4 23. Bd2 h5 24. h3 Nh6 25. Kh2 Nf5 26. Bc3 Ne3 27. Re1 Nxg2
28. Kxg2 Rd8 29. Red1 Bd7 30. Nf2 Be8 31. Ne4 a6 32. Ba5 Rd7 33. Kf3 Kg7 34.
Nc5 Rxd4 35. Rxd4 Bxc5 36. Rd8 Rxd8 37. Bxd8 Kf8 38. Bf6 Bd7 39. Rd1 Ke8 40. g4
hxg4+ 41. hxg4 b5 42. Ke4 bxc4 43. bxc4 Be7 44. Bxe7 Kxe7 45. Ra1 Bc8 46. c5
Kd7 47. Kd4 Kc7 48. Kc4 Kd8 49. Kd4 Ke7 50. Ke4 f6 51. exf6+ Kxf6 52. g5+ Kf7
53. Ke5 Bb7 54. Rb1 Bc8 55. Rb6 Ke7 56. Rxc6 Bb7 57. Rc7+ Kd8 58. Rxb7 {Normal}
1-0